 Seeded DCSS version 0.30-a0-883-g5ad918d77d (webtiles) character file.

Game seed: 13555036537017109050 (custom seed)

3257 GigaChad the Blocker (level 10, -1/77 HPs)
             Began as a Formicid Fighter on Mar 17, 2023.
             Slain by Prince Ribbit (12 damage)
             ... on level 9 of the Dungeon.
             The game lasted 00:21:53 (8442 turns).

GigaChad the Blocker (Formicid Fighter)             Turns: 8442, Time: 00:21:54

Health: -1/77      AC: 15    Str: 30    XL:     10   Next: 19%
Magic:  15/15      EV:  8    Int: 12    God:
Gold:   523        SH:  7    Dex: 16    Spells: 16/16 levels left

rFire   + . .      SeeInvis +    g - +3 long sword "Esor" {heavy, rC+ rN+++ rCorr Dex+3}
rCold   + . .      Faith    .    w - +1 buckler of the Ten Interlopers {rF+ Str+2}
rNeg    + + +      Spirit   .    A - +0 plate armour
rPois   +          Reflect  .    (helmet unavailable)
rElec   .          Rampage  .    e - +0 cloak of the Breathing Gods {Str+2 Int+5}
rCorr   +                        (no gloves)
Will    +....                    q - +0 pair of boots of Terror {rPois rCorr} Stlth
                                 h - amulet of the acrobat
HPRegen 0.32/turn                (no ring)
MPRegen 0.14/turn                (no ring)

@: no status effects
A: permanent stasis, dig shafts and tunnels, antennae 3, four strong arms
a: Dig, Shaft Self


You were on level 9 of the Dungeon.
You visited 1 branch of the dungeon, and saw 9 of its levels.
You also visited: Sewer.

You collected 523 gold pieces.

Inventory:

Hand Weapons
 a - a +2 war axe of protection
 g - the +3 long sword "Esor" (weapon) {heavy, rC+ rN+++ rCorr Dex+3}
   (You acquired it on level 2 of the Dungeon)

   Dex:       It affects your dexterity (+3).
   rC:        It protects you from cold.
   rN:        It renders you almost immune to negative energy.
   rCorr:     It protects you from acid and corrosion.
Missiles
 l - 3 throwing nets
Armour
 b - a +0 scale mail
 c - a +0 buckler
 e - the +0 cloak of the Breathing Gods (worn) {Str+2 Int+5}
   (You acquired it on level 1 of the Dungeon)

   Str:       It affects your strength (+2).
   Int:       It affects your intelligence (+5).
 p - a +0 chain mail
 q - the +0 pair of boots of Terror (worn) {rPois rCorr}
   (You acquired it on level 2 of the Dungeon)

   rPois:     It protects you from poison.
   rCorr:     It protects you from acid and corrosion.
 w - the +1 buckler of the Ten Interlopers (worn) {rF+ Str+2}
   (You found it on level 4 of the Dungeon)

   Str:       It affects your strength (+2).
   rF:        It protects you from fire.
 A - a +0 plate armour (worn)
 I - a +0 troll leather armour
Jewellery
 h - an amulet of the acrobat (around neck)
 s - a ring of magical power
 x - an amulet of magic regeneration
 B - a ring of magical power
Wands
 y - a wand of roots (10)
 G - a wand of mindburst (19)
 K - a wand of paralysis (7)
Scrolls
 n - a scroll of enchant weapon
 t - a scroll of vulnerability
 u - a scroll of torment
 v - 3 scrolls of magic mapping {unknown}
 D - a scroll of poison
 E - 2 scrolls of fog
 F - a scroll of fear {unknown}
 H - a scroll of identify
 J - a scroll of amnesia {unknown}
Potions
 d - 2 potions of might
 f - 8 potions of curing
 i - a potion of degeneration {unknown}
 j - 3 potions of haste {unknown}
 k - 5 potions of heal wounds {unknown}
 m - a potion of flight {unknown}
 o - 2 potions of attraction {unknown}
 r - 3 potions of mutation {unknown}
 z - 3 potions of magic {unknown}
 C - 2 potions of brilliance {unknown}


   Skills:
 * Level 6.9 Fighting
 * Level 7.1 Long Blades
 * Level 4.3 Axes
 * Level 6.7 Armour
 * Level 2.6 Dodging
 + Level 0.4 Stealth
 * Level 8.6 Shields
 * Level 3.8 Spellcasting


You had 16 spell levels left.
You didn't know any spells.
Your spell library contained the following spells:

 Spells                   Type           Power      Damage    Failure   Level
 Apportation              Tloc           4%         N/A       93%         1
 Necrotise                Necr           8%         1d4       93%         1
 Summon Small Mammal      Summ           8%         N/A       93%         1
 Kindle Blastsparks       Fire/Tloc/Air  4%         2d10      100%        3
 Vampiric Draining        Necr           2%         2d6       100%        3
 Fulminant Prism          Conj/Hex       1%         3d5       100%        4
 Iskenderun's Mystic Bla  Conj/Tloc      2%         2d3       100%        4
 Agony                    Necr           2%         N/A       100%        5
 Lee's Rapid Deconstruct  Erth           1%         3d4*      100%        5


Dungeon Overview and Level Annotations

Branches:
Dungeon (9/15)             Temple (0/1) D:4           Sewer (visited)
   Lair: D:8-11         Orc: D:9-12

Altars:
Cheibriados
Fedhas
Kikubaaqudgha
Yredelemnul
Zin

Annotations:
D:7 3 runed translucent doors, holysushi's ghost, novice OpMo
D:9 Pikel; Prince Ribbit


Innate Abilities, Weirdness & Mutations

You cannot be hasted, slowed, berserked, paralysed or teleported.
You can dig through walls and to a lower floor.
You have a pair of large antennae on your head. (SInv)
Your four strong arms can wield two-handed weapons with a shield.


Message History

The lemure closely misses you. The lemure hits you but does no damage.
Pikel hits you with a +0 whip of flaming.
Prince Ribbit hits you! The lemure closely misses you. x2
Pikel barely misses you. The lemure hits you but does no damage.
You barely miss Pikel. Prince Ribbit hits you. The lemure hits you.
The lemure barely misses you. The lemure hits you but does no damage.
Pikel hits you with a +0 whip of flaming.
Prince Ribbit croaks regally.
Prince Ribbit hits you!
You are too injured to fight recklessly!
Unknown command.
You are too injured to fight recklessly!
There are monsters nearby!
You are too injured to fight recklessly!
There are monsters nearby!
There are monsters nearby!
You are too injured to fight recklessly!
You closely miss Prince Ribbit. You block Prince Ribbit's attack.
The lemure hits you.
* * * LOW HITPOINT WARNING * * *
The lemure hits you but does no damage. Pikel hits you but does no damage.
You block the lemure's attack. You block Prince Ribbit's attack.
The lemure hits you but does no damage. x2; The lemure hits you!
* * * LOW HITPOINT WARNING * * *
Pikel hits you but does no damage.
You miss Prince Ribbit. You block Prince Ribbit's attack.
Prince Ribbit hits you.
* * * LOW HITPOINT WARNING * * *
The lemure hits you but does no damage. x3; Pikel hits you but does no damage.
Prince Ribbit hits you but does no damage.
The lemure closely misses you. You block the lemure's attack.
Pikel hits you but does no damage. The lemure hits you.
* * * LOW HITPOINT WARNING * * *
Are you sure you want to shaft yourself?
Prince Ribbit blinks!
You block the lemure's attack. The lemure barely misses you.
The lemure completely misses you. Pikel barely misses you.
You begin to dig a shaft.
You continue digging a shaft.
Prince Ribbit hits you!
You die...

# # ...
######.#
.....#55....#
......K@F#
..$..#5#.#
..# #.#.# #
.>#.#
#.####.#
#.#....#
#....###
.##...####..#
............#


You could see Prince Ribbit, Pikel and 3 lemures.

Vanquished Creatures
  Joseph (D:7)
  Menkaure (D:7)
  2 water moccasins
  A sky beast (D:7)
  2 ice beasts (D:7)
  3 orc warriors
  3 ogres
  A lemure (D:9)
  A kobold brigand (Sewer)
  A bullfrog (D:7)
  2 scorpions
  A vampire bat (D:5)
  2 howler monkeys (D:7)
  6 hounds
  2 jellies (D:7)
  2 gnoll boudas
  5 orc priests
  Natasha (thrice) (D:2)
  10 orc wizards
  2 sleepcaps
  A human skeleton (D:5)
  7 adders
  13 gnolls
  9 river rats
  A white imp (D:6)
  5 ufetubi
  6 worms
  5 dart slugs
  3 fire bats (D:5)
  26 orcs
  2 spectral bats (D:5)
  10 ball pythons
  3 bat skeletons (D:5)
  A bat zombie (D:5)
  8 endoplasms
  5 giant cockroaches
  4 goblins
  6 hobgoblins
  2 jackals (D:5)
  6 quokkas
  16 bats
  A bat simulacrum (D:5)
  5 frilled lizards
  10 kobolds
  A kobold zombie (D:5)
  22 rats
229 creatures vanquished.

Vanquished Creatures (others)
  16 plants (D:4)
16 creatures vanquished.

Grand Total: 245 creatures vanquished

Notes
Turn   | Place    | Note
-------+----------+-------------------------------------------
     0 | D:1      | GigaChad the Formicid Fighter began the quest for the Orb.
     0 | D:1      | Reached XP level 1. HP: 18/18 MP: 1/1
   295 | D:1      | Reached XP level 2. HP: 24/24 MP: 2/2
   640 | D:1      | Identified a scroll of acquirement
   641 | D:1      | Acquired the +0 cloak of the Breathing Gods {Str+2 Int+5}
   689 | D:2      | Reached XP level 3. HP: 18/30 MP: 3/3
   704 | D:2      | Reached XP level 4. HP: 25/37 MP: 4/4
  1076 | D:2      | Noticed Natasha
  1084 | D:2      | Killed Natasha
  1085 | D:2      | Reached skill level 5 in Shields
  1240 | D:2      | Reached XP level 5. HP: 42/42 MP: 5/5
  1340 | D:2      | Acquired the +3 long sword "Esor" {heavy, rC+ rN+++ rCorr
                  | Dex+3}
  1492 | D:2      | Noticed Natasha
  1498 | D:2      | Killed Natasha
  1679 | D:2      | Noticed Natasha
  1687 | D:2      | Killed Natasha
  1794 | D:2      | Acquired the +0 pair of boots of Terror {rPois rCorr}
  2224 | D:3      | Reached XP level 6. HP: 49/49 MP: 6/6
  2228 | D:3      | Reached skill level 1 in Long Blades
  2887 | D:4      | Found a staircase to the Ecumenical Temple.
  2904 | D:4      | Noticed an ogre
  2912 | D:4      | Killed an ogre
  2913 | D:4      | Reached skill level 1 in Spellcasting
  2926 | D:4      | Identified the +1 buckler of the Ten Interlopers {rF+
                  | Str+2}
  3074 | D:4      | Reached skill level 1 in Dodging
  3407 | D:5      | Entered Level 5 of the Dungeon
  3422 | D:5      | Reached XP level 7. HP: 54/55 MP: 8/8
  3657 | D:5      | Reached skill level 5 in Fighting
  3695 | D:5      | Reached skill level 6 in Shields
  3788 | D:5      | Reached XP level 8. HP: 28/62 MP: 10/10
  3935 | D:5      | Reached skill level 5 in Armour
  4038 | D:5      | Found a glowing drain.
  4051 | Sewer    | Entered a sewer
  4500 | D:5      | Noticed a human
  4503 | D:5      | Found a runed translucent door.
  4513 | D:5      | Found a basalt altar of Yredelemnul.
  4760 | D:6      | Reached skill level 5 in Long Blades
  4860 | D:6      | Reached skill level 7 in Shields
  4953 | D:6      | Reached XP level 9. HP: 69/69 MP: 13/13
  5602 | D:7      | Noticed Joseph
  5617 | D:7      | Killed Joseph
  5835 | D:7      | Reached skill level 8 in Shields
  5992 | D:7      | Noticed Menkaure
  5997 | D:7      | Killed Menkaure
  6084 | D:7      | Noticed holysushi's ghost (novice OpMo)
  6084 | D:7      | Noticed a two-headed ogre
  6231 | D:7      | Found a runed translucent gate.
  6231 | D:7      | Noticed an unseen horror
  6232 | D:7      | Found a runed translucent gate.
  6233 | D:7      | Found a runed translucent gate.
  6474 | D:7      | Reached XP level 10. HP: 64/77 MP: 15/15
  7470 | D:8      | Found a snail-covered altar of Cheibriados.
  7990 | D:8      | Found a glowing silver altar of Zin.
  7990 | D:8      | Found an ancient bone altar of Kikubaaqudgha.
  7991 | D:8      | Found a blossoming altar of Fedhas.
  8427 | D:9      | Noticed Pikel
  8429 | D:9      | Noticed Prince Ribbit
  8442 | D:9      | Slain by Prince Ribbit

Illustrated notes

Levels and vault maps discovered:
D:1:      dpeg_arrival_water_fire, layout_basic
D:2:      layout_basic, hex_large, reono_crystal_passage, st_stairs_2,
          minmay_tromino_v7, uniq_natasha
D:3:      layout_basic
D:4:      layout_rooms, minmay_temple_entry_hall, serial_bayou,
          serial_bayou_ford_a, serial_bayou_lake_a, serial_bayou_pond_a,
          serial_bayou_shore_b
D:5:      layout_cave_pools, dk_yredelemnul_ordeal, gup_sewer_entry_pipe,
          goddamned_bats
D:6:      layout_cave_pools, minmay_misc_feat_chi
D:7:      minmay_spotlight, layout_cave_pods, gammafunk_ghost_split,
          uniq_joseph, uniq_menkaure
D:8:      layout_basic, gammafunk_temple_overflow_forgotten, kennysheep_mini,
          serial_co_window_serial, co_window_of_opportunity_a,
          co_window_paths_b, co_window_corner_a, co_window_corner_a,
          co_window_paths_a, co_window_paths_c, co_window_cross_2,
          co_window_of_opportunity_b, co_window_2corner, co_window_2corner,
          co_window_2corner, co_window_sun, co_window_paths_d, glass_columns_c,
          glass_columns_b, glass_columns_b, glass_columns_b, glass_columns_a,
          dk_noncrumbling_3, dk_rats_in_the_wall
D:9:      layout_basic, mainiacjoe_overflow_alcove_4, david_lair_shrubbed,
          serial_glass, glass_columns_a, glass_columns_a, glass_columns_a,
          glass_columns_a, glass_columns_c, glass_columns_b, glass_columns_b,
          glass_columns_a, uniq_prince_ribbit1, uniq_maurice, uniq_pikel

Skill      XL: |  1  2  3  4  5  6  7  8  9 10 |
---------------+-------------------------------+-----
Fighting       | 4 5 6 |  6.9
Shields        | 5 6 7 8 |  8.6
Axes           | 3 4 |  4.3
Armour         | 4 5 6 |  6.7
Long Blades    | 2 3 5 6 7 |  7.1
Spellcasting   | 1 2 3 |  3.8
Dodging        | 1 2 |  2.6
Stealth        | |  0.4

Action                     |  1- 3 |  4- 6 |  7- 9 | 10-12 || total
---------------------------+-------+-------+-------+-------++-------
  Melee: War axe           |    51 |    31 |       |       ||    82
         Long sword        |       |   106 |   312 |   120 ||   538
Ability: Dig               |       |     1 |       |       ||     1
         Shaft Self        |       |       |       |     1 ||     1
    Use: Scroll            |     3 |     5 |     9 |       ||    17
 Armour: Scale mail        |    32 |    14 |       |       ||    46
         Chain mail        |       |    91 |    16 |       ||   107
         Plate armour      |       |       |   282 |   105 ||   387
  Dodge: Dodged            |    24 |   104 |   251 |    79 ||   458
  Block: Buckler           |    13 |    38 |   203 |    78 ||   332

Table legend: (Time is in decaauts)
 A = Elapsed time spent in this place.
 B = Non-inter-level travel time spent in this place.
 C = Inter-level travel time spent in this place.
 D = Time resting spent in this place.
 E = Time spent auto-exploring this place.
 F = Levels seen in this place.
 G = Mean time per level.
                   A        B        C        D        E       F      G
               +--------+--------+--------+--------+--------+-----+--------+
         Total |   9034 |   8760 |    274 |    230 |   6556 |  10 |  903.4 |
       Dungeon |   8545 |   8271 |    274 |    230 |   6317 |   9 |  949.4 |
         Sewer |    488 |    488 |      0 |      0 |    238 |   1 |  488.0 |
               +--------+--------+--------+--------+--------+-----+--------+

Top non-repeatable levels by time:
     D:8: 1704 daAuts
     D:7: 1356 daAuts
     D:2: 1192 daAuts
     D:5: 1098 daAuts
     D:3: 932 daAuts
     D:4: 777 daAuts
     D:6: 746 daAuts
     D:1: 696 daAuts
   Sewer: 488 daAuts
     D:9: 40 daAuts
